AoeStats
← Fred's real son

African Clearing

510325314Analyzed
4v4 RM · 2d ago on Sep 30, 2026· 36m 19s· 8 players
Game mode
Random Map
Map size
Large (8 player)
Population
200
Speed
Normal
Resources
Standard
Victory
Conquest
Starting age
Dark Age
Ending age
Imperial Age
RankedLock teamsTeams togetherTeam positionsShared explorationLock speedFull tech treeHidden civsTurbo modeCheats
Victory
Defeat
🇹🇷 Varangians · Türkiye
1629
+11
🇫🇷 Huns · France
1625
+11
🇨🇦 Khitans · Canada
1568
+13
🇺🇸 Koreans · United States
1528
+16
🇭🇰 Bohemians · Hong Kong SAR China
1539
-14
🇭🇰 Tatars · Hong Kong SAR China
1514
-13
🇭🇰 Varangians · Hong Kong SAR China
1504
-12
🇭🇰 Persians · Hong Kong SAR China
1493
-12
Steven S Lee
5:10 Loom
13:58 Feudal Age
15:25 Town Watch
25:26 Castle Age
28:27 Double-Bit Axe
Grrgrag
5:23 Loom
14:27 Feudal Age
19:11 Castle Age
17:17 Double-Bit Axe
18:03 Fletching
18:14 Padded Archer Armor
20:37 Bodkin Arrow
21:11 Bow Saw
21:08 Gold Mining
22:36 Wheelbarrow
29:27 Leather Archer Armor
30:47 Bloodlines
31:55 Husbandry
34:38 Ballistics
argum
11:10 Loom
13:35 Feudal Age
18:48 Castle Age
17:11 Double-Bit Axe
17:24 Horse Collar
18:32 Bloodlines
18:47 Scale Barding Armor
19:48 Bow Saw
21:11 Forging
29:07 Wheelbarrow
30:20 Husbandry
33:43 Fletching
34:47 Chain Barding Armor
Fred's real son
3:59 Loom
12:51 Feudal Age
13:33 Double-Bit Axe
18:11 Scale Barding Armor
17:59 Fletching
Funkyton
4:16 Loom
12:22 Feudal Age
18:01 Double-Bit Axe
19:03 Forging
20:50 Double-Bit Axe
28:21 Castle Age
26:30 Scale Barding Armor
30:27 Iron Casting
30:01 Light Cavalry
31:55 Fletching
35:49 Bow Saw
Koti
5:47 Loom
14:33 Feudal Age
19:49 Castle Age
18:30 Double-Bit Axe
19:54 Fletching
22:15 Bodkin Arrow
24:11 Fishing Lines
27:40 Ballistics
27:45 Bow Saw
28:14 Padded Archer Armor
29:06 Bloodlines
28:57 Husbandry
29:59 Husbandry
31:47 Leather Archer Armor
31:31 Gillnets
32:55 Wheelbarrow
33:50 Thumb Ring
33:59 Town Watch
Citizen Snips
12:33 Feudal Age
16:45 Castle Age
14:50 Double-Bit Axe
16:27 Loom
17:17 Wheelbarrow
20:22 Fletching
23:28 Ballistics
25:30 Bodkin Arrow
26:40 Horse Collar
35:49 Bow Saw
36:49 Heavy Plow
LonzoWall
7:03 Loom
11:43 Feudal Age
12:15 Double-Bit Axe
15:37 Bloodlines
18:04 Forging
17:53 Horse Collar
27:39 Castle Age
26:13 Scale Barding Armor
27:39 Light Cavalry
28:21 Husbandry
29:21 Chain Barding Armor
33:24 Iron Casting
35:23 Wheelbarrow
Connection lost

Rejoining the realm…

Still unreachable

The connection could not be restored.

Session expired

The server has moved on; the page needs a fresh start.